 Dungeon Crawl Stone Soup version 0.21.1-1-g345015f (webtiles) character file.

41 lotte the Firebug (level 3, -2/19 HPs)
             Began as a Deep Elf Fire Elementalist on July 2, 2018.
             Slain by an orc warrior
             ... wielding a +0 hand axe
              (15 damage)
             ... on level 2 of the Dungeon.
             The game lasted 00:04:48 (1269 turns).

lotte the Firebug (Deep Elf Fire Elementalist)      Turns: 1269, Time: 00:04:49

Health: -2/19      AC:  2    Str:  5    XL:     3   Next: 32%
Magic:  3/10       EV: 13    Int: 20    God:
Gold:   48         SH:  0    Dex: 15    Spells: 8/9 levels left

rFire    . . .     SeeInvis .   h - +0 whip
rCold    . . .     Gourm    .   (no shield)
rNeg     . . .     Faith    .   a - +0 robe
rPois    .         Spirit   .   (no helmet)
rElec    .         Reflect  .   (no cloak)
rCorr    .         Harm     .   (no gloves)
MR       .....                  (no boots)
Stlth    ++........             (no amulet)
HPRegen  0.06/turn              (no ring)
MPRegen  0.12/turn              (no ring)

@: very slightly contaminated
A: no striking features
a: no special abilities


You were on level 2 of the Dungeon.
You were not hungry.

You visited 1 branch of the dungeon, and saw 2 of its levels.

You collected 48 gold pieces.

Inventory:

Hand Weapons
 h - a +0 whip (weapon)
Armour
 a - a +0 robe (worn)
Scrolls
 d - 2 scrolls of enchant armour {unknown}
 e - a scroll of identify {unknown}
Potions
 g - a potion of brilliance {unknown}
 i - a potion of haste {unknown}
Books
 b - a book of Flames

   Spells                             Type                      Level
   a - Flame Tongue                   Conjuration/Fire             1
   b - Throw Flame                    Conjuration/Fire             2
   c - Conjure Flame                  Conjuration/Fire             3
   d - Inner Flame                    Hexes/Fire                   3
   e - Sticky Flame                   Conjuration/Fire             4
   f - Fireball                       Conjuration/Fire             5
Comestibles
 c - 3 rations
 f - 3 chunks of flesh


   Skills:
 + Level 3.1 Dodging
 - Level 2.4 Stealth
 + Level 3.6 Spellcasting
 + Level 2.0 Conjurations
 + Level 3.7 Fire Magic


You had 8 spell levels left.
You knew the following spells:

 Your Spells              Type           Power        Failure   Level  Hunger
a - Flame Tongue          Conj/Fire      ###..        4%          1    None


Dungeon Overview and Level Annotations

Branches:
Dungeon (2/15)

Altars:
Ashenzari


Message History

The flame tongue hits the orc warrior.
The orc warrior is heavily wounded.
Casting: Flame Tongue
Confirm with . or Enter, or press ? or * to list all spells.
Aiming: Flame Tongue
Press: ? - help, Shift-Dir - straight line, f/p - orc warrior
Aim: an orc warrior, wielding a hand axe and wearing a plate armour (heavily wounded)
The flame tongue hits the orc warrior.
The orc warrior is heavily wounded.
The orc warrior hits you but does no damage.
Casting: Flame Tongue
Confirm with . or Enter, or press ? or * to list all spells.
Aiming: Flame Tongue
Press: ? - help, Shift-Dir - straight line, f/p - orc warrior
Aim: an orc warrior, wielding a hand axe and wearing a plate armour (heavily wounded)
The flame tongue hits the orc warrior.
The orc warrior appears unharmed.
The orc warrior is heavily wounded.
The orc warrior hits you with a hand axe!
Ouch! That really hurt!
You die...

..######.##.#............
###. #.....##....#.#.#. ....
#####+##.###......#...
.....##..............##.##..
................###...# #..
. #. #.......### .... .[.
... #. #.......# #... #.
.....#'####...{...## .
..............o@...#
..............o....#
...........####...[#
#..........# #....#
#..........# #....#
#..........# #....#
############ #....# ######


You could see an orc warrior and an orc.

Vanquished Creatures
  An adder (D:2)
  A worm (D:2)
  6 giant cockroaches
  2 goblins (D:1)
  4 hobgoblins
  2 jackals (D:2)
  4 bats (D:1)
  3 frilled lizards
  2 kobolds
  2 rats (D:1)
27 creatures vanquished.

Notes
Turn   | Place    | Note
-------+----------+-------------------------------------------
     0 | D:1      | lotte the Deep Elf Fire Elementalist began the quest for the Orb.
     0 | D:1      | Reached XP level 1. HP: 10/10 MP: 6/6
   391 | D:1      | Reached XP level 2. HP: 15/15 MP: 4/8
   945 | D:2      | Reached XP level 3. HP: 13/19 MP: 3/10
  1064 | D:2      | Found a shattered altar of Ashenzari.
  1226 | D:2      | Noticed an orc warrior
  1269 | D:2      | Slain by an orc warrior

Skill      XL: |  1  2  3 |
---------------+----------+-----
Dodging        | 3 |  3.1
Conjurations   | 2 |  2.0
Stealth        | |  2.4
Spellcasting   | |  3.6
Fire Magic     | |  3.7

Action                   || total
-------------------------++-------
 Cast: Flame Tongue      ||    50
  Eat: Chunk             ||     1
Armor: Robe              ||     9
Dodge: Dodged            ||     9
